 Dungeon Crawl Stone Soup version 0.31-a0-845-g9abc20d24f (webtiles) character file.

Game seed: 1441394167284865720

2 wvc the Chiller (level 1, -1/13 HPs)
             Began as a Barachi Ice Elementalist on Oct 1, 2023.
             Slain by a quokka (4 damage)
             ... on level 1 of the Dungeon.
             The game lasted 00:00:28 (75 turns).

wvc the Chiller (Barachi Ice Elementalist)            Turns: 75, Time: 00:00:30

Health: -1/13      AC:  2    Str:  9    XL:     1   Next: 30%
Magic:  0/3        EV: 12    Int: 15    God:
Gold:   0          SH:  0    Dex: 12    Spells: 3/4 levels left

rFire   . . .        (no weapon)
rCold   . . .        (no shield)
rNeg    . . .        a - +0 robe
rPois   .            (no helmet)
rElec   .            (no cloak)
rCorr   .            (no gloves)
SInv    .            (no boots)
Will    .....        (no amulet)
Stlth   ++           (no ring)
HPRegen 0.22/turn    (no ring)
MPRegen 0.08/turn

%: no passive effects
@: slow
A: amphibious, slowness 1, strong legs 1, +LOS
a: Hop


You were on level 1 of the Dungeon.
You visited 1 branch of the dungeon, and saw 1 of its levels.

Inventory:

Armour
 a - a +0 robe (worn)
Potions
 b - a potion of magic


   Skills:
 - Level 2.1 Dodging
 - Level 1.7 Stealth
 + Level 2.2 Spellcasting
 + Level 4.9 Ice Magic


You had 3 spell levels left.
You knew the following spells:

 Your Spells              Type           Power      Damage    Failure   Level
a - Freeze                Ice            64%        1d7       2%          1

Your spell library contained the following spells:

 Spells                   Type           Power      Damage    Failure   Level
 Frozen Ramparts          Ice            32%        1d5       9%          3
 Ozocubu's Armour         Ice            16%        N/A       9%          3
 Summon Ice Beast         Ice/Summ       9%         N/A       61%         4


Dungeon Overview and Level Annotations

Branches:
Dungeon (1/15)

Altars:


Innate Abilities, Weirdness & Mutations

You are amphibious.
You cover ground slowly.
You can hop short distances.
You have an extended range of vision and can be seen from far away.


Message History

The quokka barely misses you. The kobold closely misses you.
You hit the quokka but do no damage.
The quokka is moderately wounded.
The quokka closely misses you.
The kobold hits you with a +0 short sword.
You closely miss the quokka.
The quokka is lightly wounded.
The quokka closely misses you.
The kobold hits you with a +0 short sword.
You barely miss the quokka.
The quokka is lightly wounded.
The quokka closely misses you. The kobold misses you.
The quokka attacks as it pursues you! The quokka barely misses you.
The quokka closely misses you. The quokka attacks as it pursues you!
The quokka barely misses you.
There is a fountain of clear blue water here.
The quokka bites you. The kobold attacks as it pursues you!
The kobold misses you. The kobold attacks as it pursues you!
The kobold hits you but does no damage. The quokka bites you.
* * * LOW HITPOINT WARNING * * *
The kobold barely misses you. The quokka closely misses you.
The quokka attacks as it pursues you! The quokka barely misses you.
As you open the door, it creaks loudly!
The quokka bites you but does no damage.
The kobold misses you. The quokka barely misses you.
There is an open door here.
The quokka attacks as it pursues you! The quokka closely misses you.
The quokka barely misses you.
Casting: Freeze (safe; 2% risk of failure)
Confirm with . or Enter, or press ? or * to list all spells.
Aiming: Freeze (safe; 2% risk of failure)
Press: ? - help, Shift-Dir - straight line, f/p - quokka
Aim: a quokka (lightly wounded)
You freeze the quokka.
The quokka is severely wounded.
The quokka bites you.
You die...

#.###'#... ...##.###.
...##...# . ### #...#
#...# ##...##
#####..⌠..##
#.########...........
#...@rK.'.....⌠.<.⌠..
##########...........
#####..⌠..## ##...##
#...# #...# #...#
##.## #+#


You could see a quokka and a kobold.

Vanquished Creatures
  A goblin (D:1)
  A rat (D:1)
2 creatures vanquished.

Notes
Turn   | Place    | Note
-------+----------+-------------------------------------------
     0 | D:1      | wvc the Barachi Ice Elementalist began the quest for the
                  | Orb.
     0 | D:1      | Reached XP level 1. HP: 13/13 MP: 3/3
    75 | D:1      | Slain by a quokka

Illustrated notes

Levels and vault maps discovered:
D:1:      evilmike_arrival_plus, layout_loops_cross, serial_shops,
          nicolae_shop_advertising_works [nicolae_subvault_shop_adworks],
          serial_park_tiny_1

Action                     || total
---------------------------++-------
  Melee: Unarmed           ||     3
   Cast: Freeze            ||     7
 Armour: Robe              ||     9
  Dodge: Dodged            ||    26

Table legend: (Time is in decaauts)
 A = Elapsed time spent in this place.
 B = Non-inter-level travel time spent in this place.
 C = Inter-level travel time spent in this place.
 D = Time resting spent in this place.
 E = Time spent auto-exploring this place.
 F = Levels seen in this place.
 G = Mean time per level.
                   A        B        C        D        E       F      G
               +--------+--------+--------+--------+--------+-----+--------+
         Total |     83 |     83 |      0 |      0 |     38 |   1 |   83.0 |
       Dungeon |     83 |     83 |      0 |      0 |     38 |   1 |   83.0 |
               +--------+--------+--------+--------+--------+-----+--------+

Top non-repeatable levels by time:
     D:1: 83 daAuts
